 Dungeon Crawl Stone Soup version 0.27-a0-909-g0721f309d1 (webtiles) character file.

Game seed: 14212202638165927751

4 Alarkh the Insei (level 1, -1/16 HPs)
             Began as a Demonspawn Gladiator on Apr 8, 2021.
             Slain by a kobold
             ... wielding a +0 dagger
              (2 damage)
             ... on level 1 of the Dungeon.
             The game lasted 00:00:19 (371 turns).

Alarkh the Insei (Demonspawn Gladiator)              Turns: 371, Time: 00:00:19

Health: -1/16      AC:  4    Str: 14    XL:     1   Next: 58%
Magic:  1/1        EV: 12    Int:  9    God:
Gold:   0          SH:  0    Dex: 14    Spells: 0/0 levels left

rFire    + . .     SeeInvis .     - Unarmed
rCold    . . .     Faith    .   (no shield)
rNeg     . . .     Spirit   .   a - +0 leather armour
rPois    .         Reflect  .   b - +0 helmet
rElec    .         Harm     .   (no cloak)
rCorr    .         Rampage  .   (no gloves)
Will     .....                  (no boots)
Stlth    +.........             (no amulet)
HPRegen  0.05/turn              h - ring of protection from fire
MPRegen  0.07/turn              (no ring)

@: no status effects
A: no striking features
a: no special abilities


You were on level 1 of the Dungeon.
You visited 1 branch of the dungeon, and saw 1 of its levels.

Inventory:

Missiles
 c - 3 throwing nets (quivered)
Armour
 a - a +0 leather armour (worn)
 b - a +0 helmet (worn)
Magical Staves
 d - a staff of poison
Jewellery
 h - a ring of protection from fire (left hand)
Scrolls
 g - a scroll of immolation {unknown}
Potions
 e - 2 potions of ambrosia {unknown}
 f - a potion of curing {unknown}


   Skills:
 + Level 2.1 Fighting
 - Level 1.7 Throwing
 - Level 2.6 Dodging
 * Level 2.9 Unarmed Combat


You couldn't memorise any spells.
You didn't know any spells.
Your spell library was empty.

Dungeon Overview and Level Annotations

Branches:
Dungeon (1/15)

Altars:


Message History

The kobold hits you but does no damage. x2
You closely miss the kobold. The bat misses you.
The kobold hits you with a +0 club. The kobold hits you but does no damage.
You barely miss the kobold. The bat hits you.
The kobold hits you but does no damage. x2
You are too injured to fight recklessly!
You are too injured to fight recklessly!
You are too injured to fight recklessly!
You are too injured to fight recklessly!
You are too injured to fight recklessly!
You are too injured to fight recklessly!
You are too injured to fight recklessly!
You are too injured to fight recklessly!
You are too injured to fight recklessly!
You are too injured to fight recklessly!
You are too injured to fight recklessly!
You are too injured to fight recklessly!
You are too injured to fight recklessly!
You are too injured to fight recklessly!
You miss the kobold. The bat closely misses you.
The kobold hits you with a +0 club. The kobold hits you but does no damage.
You barely miss the kobold. The kobold hits you with a +0 club.
The kobold closely misses you. The bat completely misses you.
You closely miss the kobold. The bat closely misses you.
The kobold hits you but does no damage. The kobold closely misses you.
You hit the kobold.
The kobold is severely wounded.
The bat closely misses you. The kobold closely misses you.
The kobold hits you but does no damage. The bat hits you but does no damage.
You hit the kobold.
You kill the kobold!
The bat barely misses you. The kobold hits you with a +0 dagger.
* * * LOW HITPOINT WARNING * * *
The bat misses you.
Things that are here:
a +0 club; a kobold corpse You hit the bat.
You kill the bat!
The kobold hits you with a +0 dagger.
You die...

########## #....#
#..........
#....##...#....###.
#######
#....####.#....#
......#
#.........#...)#
......#
#.....########.#
......#
#......!.... ..#
......#
#........... .#
......#
#!.......... .#
......#
##..@......#
####### #..K......#
.# #.........# .#
#.........# .#
#.........+ .#
#.........# )#
#.........# .#
####+##.... .# ...


You could see a kobold.

Vanquished Creatures
  2 bats (D:1)
  An endoplasm (D:1)
  A quokka (D:1)
  A kobold (D:1)
5 creatures vanquished.

Notes
Turn   | Place    | Note
-------+----------+-------------------------------------------
     0 | D:1      | Alarkh the Demonspawn Gladiator began the quest for the
                  | Orb.
     0 | D:1      | Reached XP level 1. HP: 16/16 MP: 1/1
   371 | D:1      | Slain by a kobold

Illustrated notes

Levels and vault maps discovered:
D:1:      scummos_arrival_hexagon, layout_basic

Action                   || total
-------------------------++-------
Melee: Unarmed           ||    30
Armor: Leather armour    ||    13
Dodge: Dodged            ||    32

Table legend: (Time is in decaauts)
 A = Elapsed time spent in this place.
 B = Non-inter-level travel time spent in this place.
 C = Inter-level travel time spent in this place.
 D = Time resting spent in this place.
 E = Time spent auto-exploring this place.
 F = Levels seen in this place.
 G = Mean time per level.
                   A        B        C        D        E       F      G
               +--------+--------+--------+--------+--------+-----+--------+
         Total |    369 |    369 |      0 |    126 |    191 |   1 |  369.0 |
       Dungeon |    369 |    369 |      0 |    126 |    191 |   1 |  369.0 |
               +--------+--------+--------+--------+--------+-----+--------+

Top non-repeatable levels by time:
     D:1: 369 daAuts
